 Dungeon Crawl Stone Soup version 0.24-a0-725-gf1a930fc54 (webtiles) character file.

Game seed: 5253545848068696452, levelgen mode: deterministic

37 MalarOregon the Caller (level 3, 0/29 HPs)
             Began as a Draconian Summoner on Oct 1, 2019.
             Slain by a gnoll
             ... wielding a +0 spear
              (11 damage)
             ... on level 2 of the Dungeon.
             The game lasted 00:03:19 (1424 turns).

MalarOregon the Caller (Draconian Summoner)         Turns: 1424, Time: 00:03:19

Health: 0/29       AC:  5    Str: 10    XL:     3   Next: 23%
Magic:  2/6        EV: 12    Int: 16    God:
Gold:   49         SH:  0    Dex: 11    Spells: 5/6 levels left

rFire    . . .     SeeInvis .   d - +1 dagger (vamp) {!w}
rCold    . . .     Gourm    .   (no shield)
rNeg     . . .     Faith    .   (armour unavailable)
rPois    .         Spirit   .   (helmet restricted)
rElec    .         Reflect  .   g - scarf {cloud immunity}
rCorr    .         Harm     .   (no gloves)
MR       .....                  (no boots)
Stlth    ++........             (no amulet)
HPRegen  0.09/turn              (no ring)
MPRegen  0.10/turn              (no ring)

@: very slightly contaminated
A: unfitting armour, cold-blooded, AC +5
a: no special abilities


You were on level 2 of the Dungeon.
You were not hungry.

You visited 1 branch of the dungeon, and saw 2 of its levels.

You collected 49 gold pieces.

Inventory:

Hand Weapons
 d - a +1 vampiric dagger (weapon) {!w}
   (You took it off a goblin on level 1 of the Dungeon)
Armour
 g - a scarf of cloud immunity (worn)
   (You found it on level 1 of the Dungeon)
Jewellery
 e - a cursed -2 ring of intelligence {unknown}
   (You found it on level 1 of the Dungeon)
 f - an uncursed amulet of guardian spirit {unknown}
   (You found it on level 1 of the Dungeon)
Scrolls
 b - 2 scrolls of teleportation {unknown}
 c - a scroll of random uselessness {unknown}
Potions
 a - 2 potions of agility {unknown}


   Skills:
 * Level 1.9 Fighting
 + Level 2.1 Dodging
 - Level 1.7 Stealth
 + Level 2.3 Spellcasting
 + Level 4.2 Summonings


You had 5 spell levels left.
You knew the following spells:

 Your Spells              Type           Power        Failure   Level  Hunger
a - Summon Small Mammal   Summ           ###.         3%          1    #......

Your spell library contained the following spells:

 Spells                   Type           Power        Failure   Level  Hunger
 Call Imp                 Summ           ###.....     5%          2    ###....
 Call Canine Familiar     Summ           ###.....     11%         3    ###....
 Summon Guardian Golem    Hex/Summ       #.......     26%         3    ###....
 Summon Ice Beast         Ice/Summ       #.......     63%         4    #####..
 Summon Lightning Spire   Summ/Air       #.......     63%         4    #####..


Dungeon Overview and Level Annotations

Branches:
Dungeon (2/15)

Altars:


Innate Abilities, Weirdness & Mutations

Your plain brown scales are hard. (AC +5)
You cannot fit into any form of body armour.
You are cold-blooded and may be slowed by cold attacks.


Message History

You hit the worm.
You feel better. The worm bites you.
You hit the worm.
You feel better.
You hit the worm.
You feel better. The worm misses you.
You hit the worm.
You feel better.
You tail-slap the worm. You barely miss the worm. The worm barely misses you.
You hit the worm.
You feel better. The worm bites you!
You hit the worm.
You feel better.
You kill the worm!
No target in view!
No target in view!
Some of the chunks of flesh in your inventory have rotted away. 2 gnolls and a dart slug come into view.
The gnoll closely misses you.
There is an open door here.
All of the chunks of flesh in your inventory have rotted away.
The gnoll closely misses you.
You miscast Summon Small Mammal.
You are very lightly contaminated with residual magic.
Your head hurts.
Your bat hits the gnoll. The gnoll closely misses you.
The gnoll closely misses you.
Your bat completely misses the gnoll.
You miscast Summon Small Mammal.
Nothing appears to happen.
Your bat completely misses the gnoll.
The gnoll barely misses you.
Your rat bites the gnoll.
Your bat hits the gnoll but does no damage.
The gnoll hits you but does no damage.
Your rat bites the gnoll but does no damage.
You barely miss the gnoll. Your bat hits the gnoll.
The gnoll hits you but does no damage.
Your bat hits the gnoll but does no damage.
Your rat bites the gnoll but does no damage.
You hit the gnoll but do no damage.
Your bat hits the gnoll but does no damage.
Your bat hits the gnoll. The gnoll closely misses you.
Your rat bites the gnoll.
You barely miss the gnoll.
You tail-slap the gnoll, but do no damage.
Your bat hits the gnoll but does no damage.
The gnoll barely misses you.
Your rat barely misses the gnoll.
You barely miss the gnoll.
Your bat closely misses the gnoll.
The gnoll hits you with a +0 spear!
Your rat bites the gnoll.
You closely miss the gnoll.
Your bat hits the gnoll but does no damage.
The gnoll hits you with a +0 spear.
* * * LOW HITPOINT WARNING * * *
Your bat barely misses the gnoll.
Your rat bites the gnoll but does no damage.
Your bat closely misses the gnoll.
The gnoll barely misses you.
Your rat bites the gnoll but does no damage.
You hit the gnoll. Your bat hits the gnoll. The gnoll hits you with a +0 spear!
You die...

#. ######## #.
#......# #.##
##.....b####### #..#
#<....b@g....(# ..##
##.....r#####.####..#
#......# ##'#..#..##
#......# #.....#...#
######## #....##.#.#
#.......#..#
##########.# .w #.#


You could see a gnoll, 2 friendly bats and a friendly rat.

Vanquished Creatures
  An adder (D:2)
  A worm (D:2)
  A dart slug (D:1)
  A leopard gecko (D:1)
  A giant cockroach (D:1)
  A hobgoblin (D:1)
  4 bats (D:1)
  2 frilled lizards (D:1)
  4 goblins (D:1)
  5 kobolds (D:1)
  3 rats (D:1)
24 creatures vanquished.

Vanquished Creatures (collateral kills)
  2 kobolds (D:1)
2 creatures vanquished.

Grand Total: 26 creatures vanquished

Notes
Turn   | Place    | Note
-------+----------+-------------------------------------------
     0 | D:1      | MalarOregon the Draconian Summoner began the quest for the
                  | Orb.
     0 | D:1      | Reached XP level 1. HP: 14/14 MP: 3/3
   388 | D:1      | Reached skill level 1 in Fighting
   388 | D:1      | Reached XP level 2. HP: 8/23 MP: 1/5
  1370 | D:2      | Reached XP level 3. HP: 25/29 MP: 6/6
  1424 | D:2      | Slain by a gnoll

Levels and vault maps discovered:
D:1:      wander_arrival_estate, layout_basic
D:2:      layout_basic, minmay_stone_trees_small

Skill      XL: |  1  2 |
---------------+-------+-----
Fighting       | 1 |  1.9
Dodging        | 2 |  2.1
Stealth        | |  1.7
Spellcasting   | |  2.3
Summonings     | |  4.2

Action                   || total
-------------------------++-------
Melee: Unarmed           ||    56
       Tailslap          ||     8
       Dagger            ||    69
       Short sword       ||     5
 Cast: Summon Small Mamm ||     6
 Stab: Sleeping          ||     5
  Eat: Ration            ||     1
Armor: Skin              ||    37
Dodge: Dodged            ||    85

Table legend:
 A = Non-vault XP
 B = Vault XP
 C = Vault XP percentage of total XP
 D = Non-vault monster count
 E = Vault monster count
 F = Vault count percentage of total count
                 A         B        C        D         E       F
            +---------+---------+-------+---------+---------+-------
      Total |      54 |       0 |   0.0 |      26 |       0 |   0.0
            +---------+---------+-------+---------+---------+-------
        D:1 |      35 |       0 |   0.0 |      24 |       0 |   0.0
        D:2 |      19 |       0 |   0.0 |       2 |       0 |   0.0
            +---------+---------+-------+---------+---------+-------
